 Dungeon Crawl Stone Soup version 0.28-a0-206-gc2c9e32840 (webtiles) character file.

Game seed: 9038413056784599803

151 bande the Covered (level 5, -1/33 HPs)
             Began as a Gargoyle Fighter on Aug 20, 2021.
             Slain by a black bear (11 damage)
             ... on level 3 of the Dungeon.
             The game lasted 00:03:36 (2748 turns).

bande the Covered (Gargoyle Fighter)                Turns: 2748, Time: 00:03:37

Health: -1/33      AC: 12    Str: 20    XL:     5   Next: 33%
Magic:  5/5        EV:  7    Int:  8    God:
Gold:   124        SH:  8    Dex: 10    Spells: 4/4 levels left

rFire   . . .      SeeInvis .   a - +1 war axe
rCold   . . .      Faith    .   c - +0 kite shield
rNeg    + . .      Spirit   .   b - +0 scale mail
rPois   ∞          Reflect  .   (no helmet)
rElec   +          Harm     .   k - +0 cloak
rCorr   .          Rampage  .   (no gloves)
Will    .....                   (no boots)
Stlth   ..........              (no amulet)
HPRegen 0.11/turn               (no ring)
MPRegen 0.09/turn               (no ring)

@: no status effects
A: sickness immunity, AC +4, negative energy resistance 1, electricity
resistance, torment resistance 1, petrification resistance
a: no special abilities


You were on level 3 of the Dungeon.
You visited 1 branch of the dungeon, and saw 3 of its levels.

You collected 124 gold pieces.

Inventory:

Hand Weapons
 a - a +1 war axe (weapon)
Armour
 b - a +0 scale mail (worn)
 c - a +0 kite shield (worn)
 k - a +0 cloak (worn)
Scrolls
 e - a scroll of identify
 h - 4 scrolls of teleportation
Potions
 d - a potion of might
 f - a potion of curing
 g - a potion of lignification
 i - a potion of flight
 l - a potion of heal wounds


   Skills:
 + Level 3.9 Fighting
 + Level 3.5 Axes
 + Level 4.1 Armour
 + Level 0.2 Dodging
 + Level 4.0 Shields


You had 4 spell levels left.
You didn't know any spells.
Your spell library contained the following spells:

 Spells                   Type           Power      Damage    Failure   Level
 Beastly Appendage        Tmut           0%         N/A       99%         1
 Wereblood                Tmut           0%         N/A       100%        2
 Ozocubu's Armour         Ice            0%         N/A       100%        3
 Spider Form              Tmut/Pois      0%         N/A       100%        3
 Metabolic Englaciation   Hex/Ice        0%         N/A       100%        5
 Simulacrum               Ice/Necr       0%         N/A       100%        6


Dungeon Overview and Level Annotations

Branches:
Dungeon (3/15)

Altars:
Yredelemnul


Innate Abilities, Weirdness & Mutations

You are immune to sickness and miasma.
Your stone body is resilient. (AC +4)
You are immune to poison.
You resist negative energy. (rN+)
You are resistant to electric shocks. (rElec)
You are resistant to unholy torment.
You are immune to petrification.


Message History

You block the black bear's attack. x3
You barely miss the black bear.
The black bear is severely wounded.
The black bear goes berserk!
The black bear bites you but does no damage.
You block the black bear's attack.
The black bear claws you but does no damage.
You closely miss the black bear.
The black bear is severely wounded.
The black bear closely misses you. The black bear claws you.
You block the black bear's attack. The black bear completely misses you.
You block the black bear's attack.
The black bear claws you but does no damage.
Your scale mail prevents you from hitting the black bear.
The black bear is severely wounded.
The black bear bites you. You block the black bear's attack.
The black bear claws you but does no damage.
You block the black bear's attack.
The black bear claws you but does no damage. x2
You barely miss the black bear.
The black bear is severely wounded.
The black bear bites you.
The black bear claws you but does no damage.
You block the black bear's attack.
The black bear bites you but does no damage.
The black bear claws you. You block the black bear's attack.
The black bear bites you but does no damage.
The black bear claws you but does no damage.
The black bear claws you.
You closely miss the black bear.
The black bear is severely wounded.
The black bear barely misses you. x2
The black bear claws you but does no damage.
The black bear bites you but does no damage.
You block the black bear's attack. The black bear barely misses you.
You hit the black bear.
The black bear is almost dead.
You block the black bear's attack. x2; The black bear claws you.
The black bear bites you!
You die...

.#.####.#.######
.#......#..# #.#
...#######.# #.#
.#.# #.## #.# .#.#
#..# #.# .#.# ##.#
#.# .#.# #.## #.#
.#.# #..# #h# .#.#
##.###@# ...#
#..##.#
#############.##.#
...........##..#.#
##########'###.#.#
#........##...#
#........###..#
#........# #..#
#........####.#


You could see a black bear (berserk).

Vanquished Creatures
  Crazy Yiuf (D:2)
  A gnoll (D:1)
  4 adders
  2 worms (D:2)
  A dart slug (D:2)
  6 endoplasms
  3 giant cockroaches
  7 goblins
  9 hobgoblins
  5 jackals
  2 kobolds
  A quokka (D:2)
  8 ball pythons
  2 bats (D:1)
  3 frilled lizards
  9 rats
64 creatures vanquished.

Vanquished Creatures (others)
  A plant (D:2)
1 creature vanquished.

Grand Total: 65 creatures vanquished

Notes
Turn   | Place    | Note
-------+----------+-------------------------------------------
     0 | D:1      | bande the Gargoyle Fighter began the quest for the Orb.
     0 | D:1      | Reached XP level 1. HP: 14/14 MP: 1/1
   185 | D:1      | You fall into a shaft and drop 1 floor!
   206 | D:2      | Reached XP level 2. HP: 12/19 MP: 2/2
   445 | D:1      | Reached XP level 3. HP: 23/23 MP: 3/3
   833 | D:1      | Reached XP level 4. HP: 28/29 MP: 4/4
  1656 | D:2      | Found a faded altar of an unknown god.
  1894 | D:2      | Found a runed translucent door.
  1895 | D:2      | Noticed Crazy Yiuf
  2119 | D:2      | Killed Crazy Yiuf
  2120 | D:2      | Reached XP level 5. HP: 7/33 MP: 1/5
  2512 | D:3      | Found a basalt altar of Yredelemnul.
  2734 | D:3      | Noticed a black bear
  2748 | D:3      | Slain by a black bear

Illustrated notes

Levels and vault maps discovered:
D:1:      onia_arrival_pyramid, layout_basic
D:2:      layout_rooms, dilly_ecumenical_altar_fadedgnrine,
          uniq_crazy_yiuf_cottage
D:3:      layout_basic, marbit_many_paths

Skill      XL: |  1  2  3  4 |
---------------+-------------+-----
Axes           | 2 3 |  3.5
Armour         | 4 |  4.1
Shields        | 4 |  4.0
Fighting       | |  3.9
Dodging        | |  0.2

Action                   |  1- 3 |  4- 6 || total
-------------------------+-------+-------++-------
Melee: War axe           |   104 |   100 ||   204
  Use: Potion            |       |     1 ||     1
       Scroll            |       |    10 ||    10
Armor: Scale mail        |    68 |    72 ||   140
Dodge: Dodged            |    38 |    40 ||    78
Block: Kite shield       |    53 |    72 ||   125

Table legend: (Time is in decaauts)
 A = Elapsed time spent in this place.
 B = Non-inter-level travel time spent in this place.
 C = Inter-level travel time spent in this place.
 D = Time resting spent in this place.
 E = Time spent auto-exploring this place.
 F = Levels seen in this place.
 G = Mean time per level.
                   A        B        C        D        E       F      G
               +--------+--------+--------+--------+--------+-----+--------+
         Total |   2886 |   2838 |     48 |    259 |   1976 |   3 |  962.0 |
       Dungeon |   2886 |   2838 |     48 |    259 |   1976 |   3 |  962.0 |
               +--------+--------+--------+--------+--------+-----+--------+

Top non-repeatable levels by time:
     D:2: 1286 daAuts
     D:1: 1257 daAuts
     D:3: 342 daAuts
